Construct Section Command Post
Construct Platoon Command Post
Selects Indian Artillery Battlegroup
Selects Indian Artillery Battlegroup
Selects Gurkha Rifles Section
6-pounder Anti-tank Gun Team
Unlock Bishop Self-propelled Artillery
Selects Volunteer Infantry
Bishop Self-propelled Artillery
Bishop Self-propelled Artillery
Selects Artillery Saturation
Construct Company Command Post
Unlock Towed 17-pounder Anti-tank Guns
17-pounder Anti-tank Gun Team
Selects Off-map Airburst Barrage